 Dungeon Crawl Stone Soup version 0.19-a0-1021-g80cc50c (webtiles) character file.

37 ololoev the Chopper (level 3, -5/31 HPs)
             Began as a Hill Orc Fighter on July 27, 2016.
             Slain by ololoev's ghost (16 damage)
             ... on level 4 of the Dungeon.
             The game lasted 00:01:14 (218 turns).

ololoev the Chopper (Hill Orc Fighter)               Turns: 218, Time: 00:01:15

Health: -5/31      AC:  7    Str: 24    XL:     3   Next: 41%
Magic:  3/3        EV:  7    Int:  8    God:
Gold:   29         SH:  9    Dex: 10    Spells: 0 memorised, 2 levels left

rFire  . . .     SeeInvis .     a - +0 war axe
rCold  . . .     Gourm    .     b - +0 scale mail
rNeg   . . .     Faith    .     c - +0 shield
rPois  .         Spirit   .     (no helmet)
rElec  .         Dismiss  .     (no cloak)
rCorr  .         Reflect  .     (no gloves)
SustAt .         Harm     .     (no boots)
MR     .....     Rnd*Tele +     (no amulet)
Stlth  ..........               (no ring)
                                i - ring of teleportation (curse)

@: mighty, not resistant to hostile enchantments, extremely unstealthy
A: no striking features
a: no special abilities

Inventory:

Hand Weapons
 a - a +0 war axe (weapon)
Armour
 b - a +0 scale mail (worn)
 c - a +0 shield (worn)
Jewellery
 i - a cursed ring of teleportation (left hand)
Scrolls
 e - a scroll of blinking {unknown}
 g - 2 scrolls of teleportation {unknown}
 k - a scroll of random uselessness {unknown}
Potions
 h - a potion of invisibility {unknown}
 j - a potion of curing {unknown}
Comestibles
 f - a bread ration


   Skills:
 - Level 3.6 Fighting
 * Level 4.2 Axes
 + Level 3.9 Armour
 - Level 3.2 Shields


You had 2 spell levels left.
You didn't know any spells.


You were on level 4 of the Dungeon.
You were not hungry.

You visited 1 branch of the dungeon, and saw 4 of its levels.

You collected 29 gold pieces.

#.##..........
.............
#............
##......>.....
.[...........
#...........
#..hZ......
#<@W..(...
###[#..... ...
... ..## # #..
... .... .....

Notes
Turn   | Place    | Note
-------+----------+-------------------------------------------
     0 | D:1      | ololoev the Hill Orc Fighter began the quest for the Orb.
     0 | D:1      | Reached XP level 1. HP: 19/19 MP: 1/1
    21 | D:1      | Reached skill level 3 in Axes
    71 | D:1      | Reached XP level 2. HP: 26/26 MP: 2/2
   153 | D:2      | Reached skill level 4 in Axes
   153 | D:2      | Reached XP level 3. HP: 23/31 MP: 3/3
   209 | D:4      | Noticed ololoev's ghost (amateur HOFi)
   218 | D:4      | Slain by ololoev's ghost

Dungeon Overview and Level Annotations

Branches:
Dungeon (4/15)
 Temple: D:4-7

Altars:

Annotations:
D:4 ololoev's ghost, amateur HOFi


Message History

The giant gecko bites you but does no damage.
Unknown command.
You miss the giant gecko. The bat barely misses you.
The giant gecko bites you but does no damage.
You block the bat's attack. You block the giant gecko's attack.
Unknown command.
You closely miss the giant gecko. You slash the bat!
You kill the bat!
You block the giant gecko's attack.
Unknown command.
You slash the giant gecko!
You kill the giant gecko!
Unknown command.
No target in view!
Unknown command.
No target in view!
Unknown command.
Found a scroll labeled ZYKEAWAPHE.
k - a scroll labeled ZYKEAWAPHE
Found 10 gold pieces.
An adder comes into view.
The adder hisses angrily.
There is a stone staircase leading down here.
You climb downwards.
A giant gecko, a giant cockroach and a player ghost come into view.
The giant gecko hisses angrily.
Ololoev's ghost turns its malevolent gaze towards you.
Found 16 stones, a runed scale mail and a robe.
Found a stone staircase leading down.
There is a stone staircase leading up here.
A hound comes into view.
You closely miss the giant cockroach.
The hound barks!
The giant cockroach bites you but does no damage.
Unknown command.
You feel very mighty all of a sudden. You block the giant cockroach's attack.
Ololoev's ghost hits you but does no damage.
The giant cockroach bites you but does no damage.
Unknown command.
You slice ololoev's ghost!!
Ololoev's ghost is heavily damaged.
You hit the giant cockroach.
You kill the giant cockroach!
You block ololoev's ghost's attack.
Unknown command.
Your shield prevents you from hitting ololoev's ghost.
Ololoev's ghost is heavily damaged.
You barely miss the giant gecko.
Your scale mail prevents you from hitting the hound.
The giant gecko bites you but does no damage.
You block the hound's attack. You block ololoev's ghost's attack.
The giant gecko bites you. The hound bites you but does no damage.
Ololoev's ghost barely misses you.
A hound skeleton comes into view.
Your shield prevents you from hitting ololoev's ghost.
Ololoev's ghost is moderately damaged.
Your shield prevents you from hitting the hound.
You slash the giant gecko!
You kill the giant gecko!
The hound bites you but does no damage. Ololoev's ghost hits you.
The hound bites you.
You closely miss ololoev's ghost.
Ololoev's ghost is moderately damaged.
You slash the hound! The hound bites you. Ololoev's ghost closely misses you.
You block the hound's attack.
Unknown command.
You slash ololoev's ghost!
Ololoev's ghost is severely damaged.
You barely miss the hound. The hound bites you but does no damage.
You block ololoev's ghost's attack. The hound bites you.
You block ololoev's ghost's attack.
Unknown command.
You closely miss ololoev's ghost.
Ololoev's ghost is severely damaged.
Your shield prevents you from hitting the hound.
You block the hound's attack. You block the hound skeleton's attack.
Ololoev's ghost hits you!
Ouch! That really hurt!
You die...

You could see a hound, ololoev's ghost and a hound skeleton.

Vanquished Creatures
  An adder (D:2)
  2 giant geckos
  A giant cockroach (D:4)
  6 goblins
  3 hobgoblins
  4 jackals (D:3)
  2 quokkas (D:2)
  2 bats
  A giant newt (D:1)
  2 kobolds (D:1)
24 creatures vanquished.

Action                   || total
-------------------------++-------
Melee: War axe           ||    68
  Use: Potion            ||     1
Armor: Scale mail        ||    47
Dodge: Dodged            ||    25
Block: Shield            ||    58

Vault maps used:
D:1:      dpeg_arrival_simpleton_c
D:3:      first_bread
D:4:      uniq_eustachio
